 Dungeon Crawl Stone Soup version 0.26-a0-257-g47e9e61525 (webtiles) character file.

Game seed: 5135800360232136075

7483 BritishOli the Carver (level 10, -4/79 HPs)
             Began as a Demonspawn Fighter on July 10, 2020.
             Was a High Priest of Okawaru.
             Slain by Snorg (13 damage)
             ... on level 10 of the Dungeon.
             The game lasted 00:21:00 (10246 turns).

BritishOli the Carver (Demonspawn Fighter)         Turns: 10246, Time: 00:21:01

Health: -4/79      AC:  8    Str: 17    XL:     10   Next: 94%
Magic:  11/11      EV:  8    Int: 12    God:    Okawaru [*****.]
Gold:   314        SH: 23    Dex: 21    Spells: 9/9 levels left

rFire    + . .     SeeInvis +   F - +7 falchion of Fundamental Breach {drain, MR++ Str-3 Dex+3 SInv}
rCold    . . .     Faith    .   B - +2 tower shield
rNeg     . . .     Spirit   .   b - +0 scale mail
rPois    .         Reflect  +   (no helmet)
rElec    .         Harm     .   (no cloak)
rCorr    .                      (no gloves)
MR       ++...                  (no boots)
Stlth    +.........             r - amulet of reflection
HPRegen  0.23/turn              i - +6 ring of dexterity
MPRegen  0.12/turn              q - ring of protection from fire

@: no status effects
A: hooves 1, repulsion field 1, camouflage 1, clever 1, high mp 1, powered by
death 1
a: Heroism, Finesse, Renounce Religion


You were on level 10 of the Dungeon.
You worshipped Okawaru.
Okawaru was extremely pleased with you.
You were not hungry.

You visited 2 branches of the dungeon, and saw 11 of its levels.

You collected 670 gold pieces.
You spent 356 gold pieces at shops.

Inventory:

Hand Weapons
 a - a +5 scimitar
 D - a +0 long sword of distortion
 F - the +7 falchion of Fundamental Breach (weapon) {drain, MR++ Str-3 Dex+3 SInv}
   (You bought it in a shop on level 8 of the Dungeon)

   A truly terrible weapon, it drains the life of those it strikes.
   It affects your strength (-3).
   It affects your dexterity (+3).
   It affects your resistance to hostile enchantments.
   It lets you see invisible.
 K - a +2 falchion of holy wrath
Missiles
 N - 3 boomerangs (quivered)
Armour
 b - a +0 scale mail (worn)
 B - a +2 tower shield (worn)
 M - a +0 plate armour
Jewellery
 i - a +6 ring of dexterity (left hand)
 q - a ring of protection from fire (right hand)
 r - an amulet of reflection (around neck)
Wands
 z - a wand of flame (6)
 C - a wand of digging (3)
 G - a wand of enslavement (5)
 L - a wand of iceblast (7)
Scrolls
 c - 2 scrolls of identify
 g - 2 scrolls of remove curse
 j - 4 scrolls of enchant armour
 k - 7 scrolls of amnesia
 n - 4 scrolls of enchant weapon {unknown}
 p - a scroll of random uselessness {unknown}
 s - 4 scrolls of teleportation
 t - 2 scrolls of magic mapping
 x - a scroll of fear {unknown}
 y - 3 scrolls of noise {unknown}
 A - a scroll of blinking {unknown}
Potions
 d - 4 potions of might
 e - 2 potions of cancellation
 h - 2 potions of invisibility {unknown}
 l - a potion of heal wounds
 m - a potion of curing
 o - a potion of stabbing {unknown}
 u - 2 potions of ambrosia {unknown}
 v - 3 potions of lignification {unknown}
 w - a potion of resistance
 H - a potion of mutation
 J - a potion of flight {unknown}
Miscellaneous
 I - a lightning rod (4/4)
Comestibles
 f - 25 rations


   Skills:
 + Level 7.4 Fighting
 * Level 9.0 Long Blades
 * Level 8.4 Armour
 * Level 8.4 Shields


You had 9 spell levels left.
You didn't know any spells.
Your spell library was empty.

Dungeon Overview and Level Annotations

Branches:
Dungeon (10/15)            Temple (1/1) D:5            Lair (0/6) D:9
    Orc (0/2) D:9

Altars:
Ashenzari
Cheibriados
Dithmenos
Elyvilon
Fedhas
Gozag
Hepliaklqana
Kikubaaqudgha
Makhleb
Nemelex Xobeh
Okawaru
Qazlal
Ru
Sif Muna
Trog
Uskayaw
Vehumet
Wu Jian
Xom
Yredelemnul
Zin
The Shining One

Shops:
D:5 ?   D:8 [=*:

Annotations:
D:8 1 runed translucent door, r0y's ghost, novice GrFi
D:10 Snorg


Innate Abilities, Weirdness & Mutations

You have large cloven feet.
You are surrounded by a mild repulsion field. (EV +2)
You regenerate a little health from kills.
Your skin changes colour to match your surroundings (Stealth+).
Your mind is acute. (Int +2)
You have an increased reservoir of magic. (+10% MP)


Message History

* * * LOW HITPOINT WARNING * * *
You block Snorg's attack. x2
Unknown command.
You feel much better. Snorg bites you but does no damage.
You block Snorg's attack. Snorg claws you!
* * * LOW HITPOINT WARNING * * *
Snorg bites you but does no damage. You block Snorg's attack. x2
Snorg rages.
Snorg rages.
You block Snorg's attack. x2; Snorg claws you.
* * * LOW HITPOINT WARNING * * *
Snorg bites you!
* * * LOW HITPOINT WARNING * * *
You block Snorg's attack. Snorg claws you but does no damage.
Throwing (i - inventory. (/) - cycle)
E - a throwing net (quivered)
Press: ? - help, Shift-Dir - straight line, f - Snorg
Aim: Snorg (moderately wounded, berserk, lightly drained)
You throw a throwing net. The throwing net closely misses Snorg.
You block Snorg's attack. x4; Snorg claws you!
You die...

...#############.##
..>.....# #.#
...####.# #.# ...#
#.# #.# ...# #.#
#.# ...# #.# #.#
...# #.# #.# ...#
#.# #รท# ...# #.#
#@# ...#
#.########T# ...#
#.........(# ...#
############ ####


You could see Snorg (berserk, drained).

Vanquished Creatures
  Harold (D:8)
  Pikel (D:9)
  Psyche (D:6)
  2 hippogriffs
  A wraith (D:9)
  2 wyverns
  2 basilisks (D:9)
  Edmund (D:2)
  5 porcupines
  Duvessa (D:7)
  An ice beast (D:7)
  3 sky beasts
  2 phantoms
  3 black bears
  3 ogres
  3 wolves
  2 centaurs (D:9)
  A lemure (D:9)
  A crocodile (D:9)
  3 bullfrogs
  2 big kobolds
  2 scorpions
  Dowan (D:7)
  5 killer bees
  3 wights
  A howler monkey (D:9)
  4 centaur zombies
  3 jellies
  2 quasits
  4 iron imps
  2 orc priests (D:8)
  A centaur skeleton (D:4)
  A hound (D:3)
  4 orc wizards
  A bullfrog skeleton (D:7)
  Jessica (D:2)
  6 iguanas
  Natasha (thrice) (D:4)
  4 worker ants
  A statue (D:7)
  A hound skeleton (D:7)
  A howler monkey zombie (D:5)
  7 adders
  7 gnolls (D:4)
  4 ufetubi
  2 oozes
  An adder skeleton (D:5)
  2 adder zombies
  3 worms
  4 dart slugs (D:1)
  4 leopard geckos
  22 orcs
  2 ball pythons (D:3)
  5 giant cockroaches
  13 goblins
  10 hobgoblins
  10 jackals
  5 quokkas
  10 bats (D:1)
  7 frilled lizards
  A giant cockroach zombie (D:5)
  2 goblin skeletons (D:6)
  16 kobolds
  A kobold zombie (D:6)
  An orc zombie (D:6)
  8 rats
239 creatures vanquished.

Vanquished Creatures (others)
  An ice beast (D:7)
  A bullfrog zombie (D:8)
  A leopard gecko (D:7)
  2 plants (D:9)
  5 toadstools (D:3)
10 creatures vanquished.

Grand Total: 249 creatures vanquished

Notes
Turn   | Place    | Note
-------+----------+-------------------------------------------
     0 | D:1      | BritishOli the Demonspawn Fighter began the quest for the
                  | Orb.
     0 | D:1      | Reached XP level 1. HP: 18/18 MP: 1/1
    27 | D:1      | You fall into a shaft and drop 1 floor!
   164 | D:2      | Reached skill level 2 in Long Blades
   243 | D:2      | Gained mutation: You regenerate a little health from kills.
                  | [demonic ancestry]
   243 | D:2      | Reached XP level 2. HP: 24/24 MP: 2/2
   377 | D:2      | Noticed Jessica
   384 | D:2      | Killed Jessica
   384 | D:2      | Reached XP level 3. HP: 29/29 MP: 3/3
   669 | D:2      | Gained mutation: You have large cloven feet. [demonic
                  | ancestry]
   669 | D:2      | Reached XP level 4. HP: 35/35 MP: 4/4
   834 | D:1      | Reached skill level 3 in Long Blades
  1451 | D:3      | Found an ancient bone altar of Kikubaaqudgha.
  1516 | D:3      | Reached XP level 5. HP: 39/41 MP: 5/5
  1973 | D:4      | Noticed an ogre
  2572 | D:4      | Noticed an ogre
  2585 | D:3      | Gained mutation: You are surrounded by a mild repulsion
                  | field. (EV +2) [demonic ancestry]
  2585 | D:3      | Reached XP level 6. HP: 48/48 MP: 6/6
  2720 | D:4      | Noticed Edmund
  2770 | D:2      | Killed Edmund
  2770 | D:2      | Reached skill level 4 in Long Blades
  3333 | D:4      | Noticed Natasha
  3343 | D:4      | Killed Natasha
  3343 | D:4      | Reached XP level 7. HP: 48/55 MP: 7/7
  3418 | D:4      | Noticed Natasha
  3421 | D:4      | Killed Natasha
  3618 | D:5      | Entered Level 5 of the Dungeon
  3797 | D:4      | Noticed Natasha
  3804 | D:4      | Killed Natasha
  3835 | D:5      | Found a staircase to the Ecumenical Temple.
  3845 | Temple   | Entered the Ecumenical Temple
  3919 | Temple   | Became a worshipper of Warmaster Okawaru
  4003 | D:5      | Found a shimmering blue altar of Sif Muna.
  4053 | D:5      | Found Jisao's Magic Scroll Boutique.
  4076 | D:5      | Bought a scroll of magic mapping for 45 gold pieces
  4076 | D:5      | Bought a scroll of teleportation for 39 gold pieces
  4078 | D:5      | Gained mutation: You have an increased reservoir of magic.
                  | (+10% MP) [potion of mutation]
  4078 | D:5      | Gained mutation: Your skin changes colour to match your
                  | surroundings (Stealth+). [potion of mutation]
  4078 | D:5      | Gained mutation: Your mind is acute. (Int +2) [potion of
                  | mutation]
  4119 | D:5      | Found a basalt altar of Yredelemnul.
  4315 | D:4      | Reached skill level 5 in Long Blades
  4479 | D:5      | Found a burning altar of Makhleb.
  4723 | D:6      | Found a glowing golden altar of the Shining One.
  4832 | D:6      | Found an ornate altar of the Wu Jian Council.
  5227 | D:6      | Noticed a wyvern
  5247 | D:6      | Killed a wyvern
  5247 | D:6      | Reached * piety under Okawaru
  5247 | D:6      | Reached skill level 5 in Fighting
  5247 | D:6      | Reached XP level 8. HP: 8/62 MP: 8/8
  5687 | D:7      | Reached skill level 5 in Shields
  5701 | D:7      | Reached skill level 5 in Armour
  5707 | D:7      | Reached skill level 6 in Long Blades
  6040 | D:7      | Noticed Dowan
  6095 | D:7      | Killed Dowan
  6168 | D:7      | Reached ** piety under Okawaru
  6186 | D:7      | Noticed Duvessa
  6202 | D:7      | Killed Duvessa
  6360 | D:7      | Found a bloodstained altar of Trog.
  6471 | D:7      | Found a radiant altar of Vehumet.
  6650 | D:8      | Noticed Psyche
  6652 | D:8      | Noticed Harold
  7251 | D:8      | Reached XP level 9. HP: 69/69 MP: 9/9
  7259 | D:8      | Found Ceagg's Jewellery Emporium.
  7657 | D:8      | Found Byilap's Book Shoppe.
  7673 | D:8      | Found a hazy altar of Hepliaklqana.
  7674 | D:8      | Found a shimmering altar of Xom.
  7676 | D:8      | Noticed a spectral ugly thing
  7735 | D:8      | Found Gizitteth's Assorted Antiques.
  7742 | D:8      | Bought a masterwork falchion for 272 gold pieces
  7742 | D:8      | Identified the +7 falchion of Fundamental Breach {drain,
                  | MR++ Str-3 Dex+3 SInv} (You bought it in a shop on level 8
                  | of the Dungeon)
  7830 | D:6      | Killed Psyche
  7929 | D:8      | Reached skill level 7 in Long Blades
  7981 | D:8      | Found a runed translucent door.
  7981 | D:8      | Noticed r0y's ghost (novice GrFi)
  8010 | D:8      | Killed Harold
  8260 | D:8      | Found Qasyxku's Antique Armour Shop.
  8452 | D:8      | Found an opulent altar of Gozag.
  8453 | D:8      | Found a shimmering blue altar of Sif Muna.
  8553 | D:9      | Found a stormy altar of Qazlal.
  8574 | D:8      | Reached *** piety under Okawaru
  8586 | D:8      | Reached XP level 10. HP: 63/77 MP: 11/11
  8750 | D:8      | Reached skill level 8 in Long Blades
  9039 | D:9      | Reached **** piety under Okawaru
  9053 | D:9      | Found a staircase to the Lair.
  9386 | D:9      | Found a white marble altar of Elyvilon.
  9507 | D:9      | Noticed Pikel
  9527 | D:9      | Killed Pikel
  9527 | D:9      | Reached ***** piety under Okawaru
  9770 | D:9      | Found a staircase to the Orcish Mines.
  9835 | D:10     | Entered Level 10 of the Dungeon
  9863 | D:10     | Noticed an unseen horror
  9933 | D:10     | Noticed a two-headed ogre
  9934 | D:10     | Noticed a two-headed ogre
 10062 | D:10     | Reached skill level 9 in Long Blades
 10195 | D:10     | Noticed Snorg
 10246 | D:10     | Slain by Snorg

Illustrated notes

Levels and vault maps discovered:
D:1:      shiori_shiawase, layout_loops_ring, minmay_cut_off
D:2:      layout_loops_ring, columned_hall_lemuel, uniq_jessica
D:3:      minmay_wonky_spiral, layout_rooms, kiku_gazebo_garden_becter,
          minmay_gold_behind_fungi, minmay_between
D:4:      layout_rooms, serial_glass, glass_columns_a, glass_columns_a,
          first_ration, kennysheep_diamond, uniq_natasha, uniq_edmund
D:5:      layout_basic, demons_altar, overflow_temple_1_default,
          minmay_temple_entry_gardened_gates, serial_shops, shop,
          minmay_misc_feat_five, led_sif_pool
D:6:      layout_basic, lemuel_crystal_altar, nicolae_tso_besieged_by_evil
D:7:      layout_basic, nicolae_overflow_crystal_walls, vehumet_statue,
          serial_curves, eino_curves_03, eino_curves_03, uniq_duvessa
D:8:      layout_cave_pools, regret_index_temple_of_mockery,
          gammafunk_temple_overflow_statue, serial_shops,
          nicolae_shop_statue_plus, nicolae_shop_crystal, shop, shop_statue,
          gammafunk_ghost_grave, uniq_harold, uniq_psyche
D:9:      layout_small_grid, overflow_temple_1_default, lemuel_doored_altar,
          minmay_lair_entry_grove, orc_0_dummy, minmay_liquid_box, uniq_pikel
D:10:     layout_basic, uniq_snorg
Temple:   dpeg_three_leaves_temple

Skill      XL: |  1  2  3  4  5  6  7  8  9 10 |
---------------+-------------------------------+-----
Long Blades    | 2 3 4 5 6 7 9 |  9.0
Armour         | 3 4 5 7 8 |  8.4
Shields        | 3 4 5 7 8 |  8.4
Fighting       | 4 5 6 7 |  7.4

Action                   |  1- 3 |  4- 6 |  7- 9 | 10-12 || total
-------------------------+-------+-------+-------+-------++-------
Melee: Long sword        |    71 |   228 |   249 |       ||   548
       Kick              |       |    86 |   138 |    74 ||   298
       Falchion          |       |       |    80 |   200 ||   280
Throw: Throwing net      |       |       |       |     1 ||     1
Evoke: Wand              |       |       |     6 |       ||     6
  Use: Scroll            |       |     6 |     3 |       ||     9
       Potion            |       |       |     3 |     1 ||     4
 Stab: Distracted        |       |       |       |     1 ||     1
  Eat: Ration            |       |     3 |     4 |     2 ||     9
Armor: Scale mail        |    23 |    72 |    96 |    35 ||   226
Dodge: Dodged            |    21 |    54 |    62 |    34 ||   171
Block: Kite shield       |    32 |   174 |    67 |       ||   273
       Reflection        |       |     7 |     8 |    12 ||    27
       Tower shield      |       |       |   301 |   265 ||   566
       Rpst.: Long sword |     6 |    17 |    13 |       ||    36
       Falchion          |       |       |     3 |     8 ||    11

Table legend:
 A = Non-vault XP
 B = Vault XP
 C = Vault XP percentage of total XP
 D = Non-vault monster count
 E = Vault monster count
 F = Vault count percentage of total count
                 A         B        C        D         E       F
            +---------+---------+-------+---------+---------+-------
      Total |    6079 |    4612 |  43.1 |     199 |      42 |  17.4
            +---------+---------+-------+---------+---------+-------
        D:1 |      71 |       3 |   4.1 |      36 |       2 |   5.3
        D:2 |      65 |     210 |  76.4 |      14 |       2 |  12.5
        D:3 |      94 |      33 |  26.0 |      25 |       9 |  26.5
        D:4 |     469 |      43 |   8.4 |      15 |       2 |  11.8
        D:5 |      43 |     122 |  73.9 |      12 |       3 |  20.0
        D:6 |     348 |     448 |  56.3 |       6 |       6 |  50.0
        D:7 |    1139 |     243 |  17.6 |      18 |       3 |  14.3
        D:8 |    1298 |    1680 |  56.4 |      32 |       6 |  15.8
        D:9 |    1739 |    1830 |  51.3 |      33 |       9 |  21.4
       D:10 |     813 |       0 |   0.0 |       8 |       0 |   0.0
            +---------+---------+-------+---------+---------+-------
